PCL
ALBUQUERQUE ISOTOPES @ SANTA MONICA BRUINS
09/20/2025
 
TOP OF THE 1ST
Albuquerque Isotopes batting - Pitching for Santa Monica Bruins : RHP Dave Jackson
Pitching: RHP Dave Jackson
Batting: RHB Pablo Sandoval 0-0: Called Strike
0-1: Swinging Strike
0-2: Ball
1-2: Ball
2-2: Strikes out swinging
Batting: SHB Edward Bartlett 0-0: Ball
1-0: Called Strike
1-1: SINGLE (Groundball, 4MD)
Batting: RHB Alden Isenhood 0-0: Foul Ball, location: 2F
0-1: Called Strike
0-2: Foul Ball, location: 2F
0-2: Ball
1-2: Ball
2-2: Grounds into double play, 1-6-3 (Groundball, 15)
Top of the 1st over - 0 run(s), 1 hit(s), 0 error(s), 0 left on base; Albuquerque 0 - Santa Monica 0
BOTTOM OF THE 1ST
Santa Monica Bruins batting - Pitching for Albuquerque Isotopes : RHP Jesús Silva
Pitching: RHP Jesús Silva
Batting: RHB Pedro Rosado 0-0: Ground out 6-3 (Groundball, 6M)
Batting: RHB Griswold Coleman 0-0: Called Strike
0-1: Foul Ball, location: 2F
0-2: Foul Ball, location: 2F
0-2: Ground out 4-3 (Groundball, 4)
Batting: LHB Brent Alonzo 0-0: Ball
1-0: Ball
2-0: Called Strike
2-1: SINGLE (Groundball, 4M) (infield hit)
Batting: RHB Phil Matthews 0-0: Called Strike
0-1: Ball
1-1: Ball
2-1: Fly out, F8 (Flyball, 8LM)
Bottom of the 1st over - 0 run(s), 1 hit(s), 0 error(s), 1 left on base; Albuquerque 0 - Santa Monica 0
TOP OF THE 2ND
Albuquerque Isotopes batting - Pitching for Santa Monica Bruins : RHP Dave Jackson
Batting: LHB Fernando Ortíz 0-0: Called Strike
0-1: SINGLE (Groundball, 34D) (infield hit)
Batting: LHB Luis Espinoza 0-0: Ball
1-0: 2-RUN HOME RUN (Flyball, 78XD), Distance : 405 ft
Batting: RHB Arturo García 0-0: Called Strike
0-1: Foul Ball, location: 2F
0-2: Ball
1-2: Ball
2-2: Foul Ball, location: 2F
2-2: Strikes out looking
Batting: LHB Bernardo Montés 0-0: DOUBLE (Line Drive, 5D)
Batting: RHB Juan Barrera 0-0: Ground out 1-3 (Groundball, 23)
Bernardo Montés to third
Batting: RHB Juan Alberto 0-0: Foul Ball, location: 2F
0-1: Called Strike
0-2: Ball
1-2: Foul Ball, location: 2F
1-2: SINGLE (Groundball, 5)
Bernardo Montés scores
Batting: RHB Pablo Sandoval 0-0: Ball
1-0: Ball
2-0: Called Strike
2-1: Foul Ball, location: 2F
2-2: Strikes out looking
Top of the 2nd over - 3 run(s), 4 hit(s), 0 error(s), 1 left on base; Albuquerque 3 - Santa Monica 0
BOTTOM OF THE 2ND
Santa Monica Bruins batting - Pitching for Albuquerque Isotopes : RHP Jesús Silva
Batting: RHB Luis Martínez 0-0: Ball
1-0: Swinging Strike
1-1: Fly out, F5 (Line Drive, 5S)
Batting: RHB Pablo Peńa 0-0: Ground out 6-3 (Groundball, 6)
Batting: RHB Alonso Sánchez 0-0: Ball
1-0: Foul Ball, location: 2F
1-1: Called Strike
1-2: Foul Ball, location: 2F
1-2: Ball
2-2: Fly out, F9 (Flyball, 89M)
Bottom of the 2nd over - 0 run(s), 0 hit(s), 0 error(s), 0 left on base; Albuquerque 3 - Santa Monica 0
TOP OF THE 3RD
Albuquerque Isotopes batting - Pitching for Santa Monica Bruins : RHP Dave Jackson
Batting: SHB Edward Bartlett 0-0: Ball
1-0: Called Strike
1-1: Called Strike
1-2: Ball
2-2: Ball
3-2: Strikes out swinging
Batting: RHB Alden Isenhood 0-0: Ball
1-0: Ball
2-0: Ball
3-0: Called Strike
3-1: Foul Ball, location: 2F
3-2: Foul Ball, location: 2F
3-2: Base on Balls
Batting: LHB Fernando Ortíz 0-0: Swinging Strike
0-1: Called Strike
0-2: Ball
1-2: SINGLE (Groundball, 6MD)
Alden Isenhood to second
Runner from 2nd tries for 3rd, SAFE, throw made to third
Batting: LHB Luis Espinoza 0-0: Ball
1-0: Fly out, F6 (Popup, 6)
Batting: RHB Arturo García 0-0: Ball
1-0: Called Strike
1-1: Swinging Strike
1-2: Foul Ball, location: 2F
1-2: Foul Ball, location: 2F
1-2: Foul Ball, location: 2F
1-2: Ball
2-2: Foul Ball, location: 2F
2-2: SINGLE (Groundball, 56D)
Alden Isenhood scores
Fernando Ortíz to second
Batting: LHB Bernardo Montés 0-0: Ball
1-0: Ball
2-0: SINGLE (Line Drive, 34)
Fernando Ortíz to third
Arturo García to second
Runner from 3rd tries for Home, SAFE, no throw or cutoff
Batting: RHB Juan Barrera 0-0: Swinging Strike
0-1: Called Strike
0-2: Strikes out looking
Top of the 3rd over - 2 run(s), 3 hit(s), 0 error(s), 2 left on base; Albuquerque 5 - Santa Monica 0
BOTTOM OF THE 3RD
Santa Monica Bruins batting - Pitching for Albuquerque Isotopes : RHP Jesús Silva
Batting: RHB Gilberto Guzmán 0-0: Called Strike
0-1: Called Strike
0-2: Fly out, F3 (Popup, 3F)
Batting: RHB Mark Hosley 0-0: Fly out, F5 (Popup, 5SF)
Batting: RHB Pedro Rosado 0-0: Called Strike
0-1: Ball
1-1: SINGLE (Line Drive, 6MD)
Batting: RHB Griswold Coleman 0-0: Ball
1-0: Swinging Strike
1-1: Ball
2-1: Foul Ball, location: 2F
2-2: Strikes out looking
Bottom of the 3rd over - 0 run(s), 1 hit(s), 0 error(s), 1 left on base; Albuquerque 5 - Santa Monica 0
TOP OF THE 4TH
Albuquerque Isotopes batting - Pitching for Santa Monica Bruins : RHP Dave Jackson
Batting: RHB Juan Alberto 0-0: SINGLE (Groundball, 56D)
Batting: RHB Pablo Sandoval 0-0: Ball
1-0: Ball
2-0: Ball
3-0: Called Strike
3-1: SINGLE (Line Drive, 6MD)
Juan Alberto to second
Batting: SHB Edward Bartlett 0-0: Fly out, F5 (Popup, 5F)
Batting: RHB Alden Isenhood 0-0: Called Strike
0-1: Ball
1-1: Foul Ball, location: 2F
1-2: Foul Ball, location: 2F
1-2: Fly out, F7 (Line Drive, 7M)
Batting: LHB Fernando Ortíz 0-0: Foul Ball, location: 2F
0-1: Called Strike
0-2: Strikes out looking
Top of the 4th over - 0 run(s), 2 hit(s), 0 error(s), 2 left on base; Albuquerque 5 - Santa Monica 0
BOTTOM OF THE 4TH
Santa Monica Bruins batting - Pitching for Albuquerque Isotopes : RHP Jesús Silva
Batting: LHB Brent Alonzo 0-0: Ball
1-0: Ball
2-0: Called Strike
2-1: Called Strike
2-2: Foul Ball, location: 2F
2-2: Ball
3-2: Strikes out swinging
Batting: RHB Phil Matthews 0-0: Foul Ball, location: 2F
0-1: SINGLE (Groundball, 56D)
Batting: RHB Luis Martínez 0-0: Ball
1-0: Called Strike
1-1: Called Strike
1-2: Strikes out looking
Batting: RHB Pablo Peńa 0-0: Ball
1-0: Called Strike
1-1: Ball
2-1: Ball
3-1: Fly out, F4 (Line Drive, 4)
Bottom of the 4th over - 0 run(s), 1 hit(s), 0 error(s), 1 left on base; Albuquerque 5 - Santa Monica 0
TOP OF THE 5TH
Albuquerque Isotopes batting - Pitching for Santa Monica Bruins : RHP Dave Jackson
Pitching: LHP Derek Larkin
Batting: LHB Luis Espinoza 0-0: Called Strike
0-1: Ball
1-1: Called Strike
1-2: Ball
2-2: Ball
3-2: Strikes out swinging
Batting: RHB Arturo García 0-0: Fly out, F8 (Flyball, 8RM)
Batting: LHB Bernardo Montés 0-0: Ball
1-0: Called Strike
1-1: Swinging Strike
1-2: Ball
2-2: Strikes out swinging
Top of the 5th over - 0 run(s), 0 hit(s), 0 error(s), 0 left on base; Albuquerque 5 - Santa Monica 0
BOTTOM OF THE 5TH
Santa Monica Bruins batting - Pitching for Albuquerque Isotopes : RHP Jesús Silva
Batting: RHB Alonso Sánchez 0-0: SINGLE (Groundball, 3S)
Batting: RHB Gilberto Guzmán 0-0: Grounds into double play, 1-6-3 (Groundball, 13S)
Batting: RHB Mark Hosley 0-0: Ground out 6-3 (Groundball, 6)
Bottom of the 5th over - 0 run(s), 1 hit(s), 0 error(s), 0 left on base; Albuquerque 5 - Santa Monica 0
TOP OF THE 6TH
Albuquerque Isotopes batting - Pitching for Santa Monica Bruins : LHP Derek Larkin
Batting: RHB Juan Barrera 0-0: Called Strike
0-1: Ground out 4-3 (Groundball, 4M)
Batting: RHB Juan Alberto 0-0: Ball
1-0: Called Strike
1-1: Called Strike
1-2: Ball
2-2: Foul Ball, location: 2F
2-2: DOUBLE (Flyball, 7LD)
Batting: RHB Pablo Sandoval 0-0: Foul Ball, location: 2F
0-1: Ball
1-1: Called Strike
1-2: Ball
2-2: Ball
3-2: Ground out U3 (Groundball, 3S)
Juan Alberto to third
Batting: SHB Edward Bartlett 0-0: Foul Ball, location: 2F
0-1: Called Strike
0-2: Ball
1-2: Strikes out swinging
Top of the 6th over - 0 run(s), 1 hit(s), 0 error(s), 1 left on base; Albuquerque 5 - Santa Monica 0
BOTTOM OF THE 6TH
Santa Monica Bruins batting - Pitching for Albuquerque Isotopes : RHP Jesús Silva
Batting: RHB Pedro Rosado 0-0: Ball
1-0: Swinging Strike
1-1: Swinging Strike
1-2: Foul Ball, location: 2F
1-2: Strikes out swinging
Batting: RHB Griswold Coleman 0-0: Swinging Strike
0-1: Ball
1-1: Foul Ball, location: 2F
1-2: Strikes out looking
Batting: LHB Brent Alonzo 0-0: Ball
1-0: Foul Ball, location: 2F
1-1: Foul Ball, location: 2F
1-2: Fly out, F7 (Flyball, 78S)
Bottom of the 6th over - 0 run(s), 0 hit(s), 0 error(s), 0 left on base; Albuquerque 5 - Santa Monica 0
TOP OF THE 7TH
Albuquerque Isotopes batting - Pitching for Santa Monica Bruins : LHP Derek Larkin
Pitching: LHP Júlio Castillo
Batting: RHB Alden Isenhood 0-0: Ball
1-0: Ball
2-0: Foul Ball, location: 2F
2-1: Foul Ball, location: 2F
2-2: Fly out, F8 (Flyball, 8RM)
Batting: LHB Fernando Ortíz 0-0: Ball
1-0: Ball
2-0: Ball
3-0: Base on Balls
Batting: LHB Luis Espinoza 0-0: Called Strike
0-1: Swinging Strike
0-2: Strikes out looking
Fernando Ortíz steals 2nd base
Batter strikes out.
Batting: RHB Arturo García 0-0: Intentional Walk
Batting: LHB Bernardo Montés 0-0: Ball
1-0: Ball
2-0: Ball
3-0: Called Strike
3-1: Foul Ball, location: 2F
3-2: Base on Balls
Fernando Ortíz to third
Arturo García to second
Batting: RHB Juan Barrera 0-0: Ball
1-0: Fly out, F6 (Line Drive, 6)
Top of the 7th over - 0 run(s), 0 hit(s), 0 error(s), 3 left on base; Albuquerque 5 - Santa Monica 0
BOTTOM OF THE 7TH
Santa Monica Bruins batting - Pitching for Albuquerque Isotopes : RHP Jesús Silva
Batting: RHB Phil Matthews 0-0: Called Strike
0-1: Fly out, F9 (Flyball, 9S)
Batting: RHB Luis Martínez 0-0: Ball
1-0: Ball
2-0: Ball
3-0: Called Strike
3-1: Base on Balls
Pitching: RHP Kenny Skinner
Batting: RHB Pablo Peńa 0-0: Ball
1-0: Called Strike
1-1: Ball
2-1: Foul Ball, location: 2F
2-2: Strikes out looking
Batting: RHB Alonso Sánchez 0-0: Called Strike
0-1: Ball
1-1: Fielders Choice at 2nd, U6 (Groundball, 6M)
Bottom of the 7th over - 0 run(s), 0 hit(s), 0 error(s), 1 left on base; Albuquerque 5 - Santa Monica 0
TOP OF THE 8TH
Albuquerque Isotopes batting - Pitching for Santa Monica Bruins : LHP Júlio Castillo
Batting: RHB Juan Alberto 0-0: Swinging Strike
0-1: SINGLE (Line Drive, 6MD)
Batting: RHB Pablo Sandoval 0-0: Ball
1-0: Sac Bunt - play at first, batter OUT! 1-4
Juan Alberto to second
Batting: SHB Edward Bartlett 0-0: Ball
1-0: Reached on error, E5 (Groundball, 56)
Juan Alberto to third
Batting: RHB Alden Isenhood 0-0: Swinging Strike
0-1: Ball
1-1: Ball
2-1: Ball
3-1: Base on Balls
Edward Bartlett to second
Batting: LHB Fernando Ortíz 0-0: Ball
1-0: Fly out, F6 (Popup, 56D)
Batting: LHB Luis Espinoza 0-0: Swinging Strike
0-1: Ball
1-1: Called Strike
1-2: SINGLE (Line Drive, 78S)
Juan Alberto scores
Edward Bartlett to third
Alden Isenhood to second
Runner from 3rd tries for Home, SAFE, no throw or cutoff
Batting: RHB Arturo García 0-0: Ball
1-0: Ball
2-0: Called Strike
2-1: Called Strike
2-2: Ball
3-2: Fly out, F9 (Line Drive, 9M)
Top of the 8th over - 2 run(s), 2 hit(s), 1 error(s), 2 left on base; Albuquerque 7 - Santa Monica 0
BOTTOM OF THE 8TH
Santa Monica Bruins batting - Pitching for Albuquerque Isotopes : RHP Kenny Skinner
Batting: RHB Gilberto Guzmán 0-0: Ball
1-0: Ball
2-0: Ball
3-0: Base on Balls
Batting: RHB Mark Hosley 0-0: Swinging Strike
0-1: Called Strike
0-2: Grounds into double play, 6-4-3 (Groundball, 6)
Batting: RHB Pedro Rosado 0-0: Swinging Strike
0-1: Ball
1-1: Swinging Strike
1-2: Foul Ball, location: 2F
1-2: Ball
2-2: Foul Ball, location: 2F
2-2: Strikes out looking
Bottom of the 8th over - 0 run(s), 0 hit(s), 0 error(s), 0 left on base; Albuquerque 7 - Santa Monica 0
TOP OF THE 9TH
Albuquerque Isotopes batting - Pitching for Santa Monica Bruins : LHP Júlio Castillo
Pinch Hitting: RHB Cristián Herrera 0-0: Ball
1-0: Ball
2-0: Foul Ball, location: 2F
2-1: Ball
3-1: Called Strike
3-2: TRIPLE (Flyball, 9LM)
Pitching: RHP Bill Elliott
Batting: RHB Juan Barrera 0-0: Ground out 5-3 (Groundball, 56)
Cristián Herrera scores
Batting: RHB Juan Alberto 0-0: Called Strike
0-1: Foul Ball, location: 2F
0-2: Strikes out swinging
Batting: RHB Pablo Sandoval 0-0: Ball
1-0: Called Strike
1-1: Foul Ball, location: 2F
1-2: Strikes out swinging
Top of the 9th over - 1 run(s), 1 hit(s), 0 error(s), 0 left on base; Albuquerque 8 - Santa Monica 0
BOTTOM OF THE 9TH
Santa Monica Bruins batting - Pitching for Albuquerque Isotopes : RHP Kenny Skinner
Pitching: RHP Rafael Trujillo
Now at 1B: Alfonso Huertas
Now at SS: Luis Martínez
Batting: RHB Griswold Coleman 0-0: Called Strike
0-1: Ball
1-1: Foul Ball, location: 2F
1-2: Ball
2-2: Ball
3-2: Base on Balls
Batting: LHB Brent Alonzo 0-0: Swinging Strike
0-1: Fielders Choice at 2nd, 3-6 (Groundball, 34)
Batting: RHB Phil Matthews 0-0: Grounds into double play, 6-4-3 (Groundball, 6)
Bottom of the 9th over - 0 run(s), 0 hit(s), 0 error(s), 0 left on base; Albuquerque 8 - Santa Monica 0
This league is powered by Out of the Park Baseball, the baseball management simulation game for PC, Mac and Linux
Tuesday, August 2nd, 2016 - OOTP Baseball 16.8 Build 38